[Event "4th Baskent University Open 2019"]
[Site "Ankara"]
[Date "2019.06.18"]
[Round "2"]
[White "Saraci, Nderim"]
[Black "Gokbulut, Julia"]
[Result "1-0"]
[ECO "D00"]
[WhiteElo "2377"]
[BlackElo "2058"]
[Annotator "NA"]
[PlyCount "173"]
[EventDate "2019.06.18"]
[EventType "swiss"]
[EventCountry "TUR"]
[SourceTitle "playchess.com"]
[Source "ChessBase"]
[SourceQuality "1"]
[TimeControl "5400+30"]

1. d4 Nf6 2. Nf3 g6 3. Nc3 d5 4. Bf4 a6 5. Qd2 Bg7 6. Bh6 O-O 7. h4 Bxh6 8. Qxh6 Ng4 9. Qd2 h5 10. e3 Bf5 11. O-O-O Nc6 12. Ne1 Nf6 13. Nd3 Bxd3 14. Bxd3 e5 15. dxe5 Nxe5 16. Be2 c6 17. f3 Qe7 18. Rhe1 Rad8 19. Qd4 c5 20. Qf4 Qe6 21. Bf1 b5 22. Kb1 Rfe8 23. Qg5 Kg7 24. Ne2 Nh7 25. Qg3 Nf6 26. Nf4 Qc6 27. Qg5 b4 28. e4 d4 29. Nd3 Nxd3 30. cxd3 Nh7 31. Qd2 Qf6 32. Rc1 Rc8 33. Qf2 Nf8 34. Be2 Nd7 35. f4 c4 36. g4 cxd3 37. g5 Rxc1+ 38. Rxc1 Qd6 39. e5 Qd5 40. Bf3 Qe6 41. Qxd4 d2 42. Qxd2 Nxe5 43. Be2 Ng4 44. Bc4 Qf5+ 45. Ka1 a5 46. Qd4+ Kg8 47. Bd3 Qe6 48. Bc4 Qe3 49. Qxe3 Rxe3 50. Rf1 Re4 51. Bd5 Rd4 52. Bb3 Ne3 53. Re1 Rxf4 54. Kb1 Ng2 55. Re5 Nxh4 56. Rxa5 Nf3 57. Kc2 Rd4 58. Ra6 Ne5 59. Ra5 Re4 60. Bd5 Re2+ 61. Kb3 Nd3 62. Kc4 Nxb2+ 63. Kxb4 h4 64. Ra7 Nd3+ 65. Kc3 Ne5 66. Ra4 Re3+ 67. Kd4 Ng4 68. Ra8+ Kg7 69. Ra7 h3 70. Rxf7+ Kh8 71. Rf3 Re5 72. Rxh3+ Kg7 73. Rg3 Rxg5 74. a4 Kf6 75. a5 Ke7 76. a6 Kd6 77. Bf3 Kc7 78. Rxg4 Ra5 79. Rxg6 Kb8 80. Be2 Ka7 81. Rg7+ Kb8 82. Bc4 Ka8 83. Kc3 Ra4 84. Kb3 Ra5 85. Kb4 Ra1 86. Kc5 Rc1 87. Kb6 1-0

[Event "4th Baskent University Open 2019"]
[Site "Ankara"]
[Date "2019.06.18"]
[Round "2"]
[White "Arat, Ufuk Sezen"]
[Black "Sumer, Gun"]
[Result "1-0"]
[ECO "A14"]
[WhiteElo "2368"]
[BlackElo "1969"]
[Annotator "NA"]
[PlyCount "57"]
[EventDate "2019.06.18"]
[EventType "swiss"]
[EventCountry "TUR"]
[SourceTitle "playchess.com"]
[Source "ChessBase"]
[SourceQuality "1"]
[TimeControl "5400+30"]

1. c4 e6 2. Nf3 Nf6 3. g3 d5 4. Bg2 Be7 5. O-O O-O 6. b3 d4 7. e3 c5 8. exd4 cxd4 9. Ba3 Nc6 10. Re1 Nd7 11. d3 a5 12. Bxe7 Qxe7 13. Nbd2 f6 14. Nh4 Nc5 15. Ne4 g5 16. Nxc5 Qxc5 17. Nf3 a4 18. a3 axb3 19. Qxb3 Kh8 20. Nd2 e5 21. a4 Ra6 22. Reb1 Qe7 23. Qa3 Qg7 24. Ne4 f5 25. Nd6 Ra7 26. Qc5 Ra5 27. Rb5 Rxb5 28. axb5 Ne7 29. Ra8 1-0

[Event "4th Baskent University Open 2019"]
[Site "Ankara"]
[Date "2019.06.18"]
[Round "2"]
[White "Guliev, Logman"]
[Black "Ozdemir, Serhan Berat"]
[Result "1-0"]
[ECO "B42"]
[WhiteElo "2320"]
[BlackElo "1950"]
[Annotator "NA"]
[PlyCount "169"]
[EventDate "2019.06.18"]
[EventType "swiss"]
[EventCountry "TUR"]
[SourceTitle "playchess.com"]
[Source "ChessBase"]
[SourceQuality "1"]
[TimeControl "5400+30"]

1. e4 c5 2. Nf3 e6 3. d4 cxd4 4. Nxd4 a6 5. Bd3 Nf6 6. O-O Qc7 7. Qe2 d6 8. c4 g6 9. f4 Bg7 10. Kh1 O-O 11. Nc3 Nbd7 12. Be3 b6 13. Rac1 Bb7 14. b4 Rac8 15. Nb3 Qb8 16. a4 Qa8 17. Bd4 e5 18. fxe5 dxe5 19. Bg1 Nh5 20. Be3 Nf4 21. Bxf4 exf4 22. Nd5 Rfe8 23. Qf2 Ne5 24. Be2 Bxd5 25. exd5 b5 26. axb5 axb5 27. Ra1 Qb8 28. c5 Nc4 29. d6 Bxa1 30. Rxa1 Re3 31. Nd4 Nxd6 32. cxd6 Qxd6 33. Rd1 Qxb4 34. Qxf4 Rce8 35. Rf1 Qf8 36. Bxb5 R8e4 37. Qf2 Qe7 38. Nc6 Qe6 39. Nd8 Qf5 40. Qxf5 gxf5 41. Rxf5 Re5 42. Rxe5 Rxe5 43. Bf1 Rc5 44. Nb7 Rd5 45. Kg1 Kg7 46. Kf2 Rf5+ 47. Ke1 Rd5 48. Be2 Rg5 49. Kf2 Rf5+ 50. Bf3 Rb5 51. Nd6 Rb4 52. Ke3 Rb6 53. Nf5+ Kf6 54. Kf4 Rb4+ 55. Be4 Rb2 56. h4 Rf2+ 57. Bf3 Rb2 58. g4 Rb4+ 59. Be4 Rb2 60. h5 Rf2+ 61. Bf3 Rf1 62. g5+ Ke6 63. Ng3 Ra1 64. h6 Ra4+ 65. Ne4 Ke7 66. Bg4 Kf8 67. Bf5 Kg8 68. Kf3 Ra3+ 69. Kg4 Kh8 70. Nd6 Ra4+ 71. Kf3 Ra7 72. Kf4 Re7 73. Be4 Kg8 74. Bd5 Rd7 75. Ke5 Kf8 76. Ne4 Re7+ 77. Kd6 Re8 78. Nf6 Rd8+ 79. Ke5 Ke7 80. Nxh7 Rg8 81. Kf5 Rd8 82. Nf6 Rh8 83. Ng4 Rd8 84. Ne5 Rxd5 85. h7 1-0

[Event "4th Baskent University Open 2019"]
[Site "Ankara"]
[Date "2019.06.18"]
[Round "2"]
[White "Gulden, Egemen"]
[Black "Nagy, Gabor"]
[Result "0-1"]
[ECO "C48"]
[WhiteElo "2120"]
[BlackElo "2471"]
[Annotator "ChessBase"]
[PlyCount "52"]
[EventDate "2019.06.18"]
[EventType "swiss"]
[EventCountry "TUR"]
[SourceTitle "playchess.com"]
[Source "ChessBase"]
[SourceQuality "1"]
[TimeControl "5400+30"]

1. e4 e5 2. Nf3 Nc6 3. Nc3 Nf6 4. Bb5 Nd4 5. Bc4 Bc5 6. d3 O-O 7. Bg5 h6 8. Bh4 c6 9. O-O g5 10. Nxe5 gxh4 11. Nxf7 Rxf7 12. Bxf7+ Kxf7 13. e5 d5 14. Na4 Bg4 15. f3 Nxf3+ 16. Kh1 Nxe5 17. Qd2 Bd6 18. d4 Ned7 19. h3 Bh5 20. Qxh6 Qh8 21. Qg5 Bg6 22. Nc5 Bxc5 23. dxc5 Rg8 24. Rf2 Be4 25. Qf4 Qg7 26. Rg1 Qg3 0-1

[Event "4th Baskent University Open 2019"]
[Site "Ankara"]
[Date "2019.06.18"]
[Round "2"]
[White "Korkmaz, Necmettin"]
[Black "Iskandarov, Misratdin"]
[Result "0-1"]
[ECO "B24"]
[WhiteElo "2098"]
[BlackElo "2502"]
[Annotator "ChessBase"]
[PlyCount "68"]
[EventDate "2019.06.18"]
[EventType "swiss"]
[EventCountry "TUR"]
[SourceTitle "playchess.com"]
[Source "ChessBase"]
[SourceQuality "1"]
[TimeControl "5400+30"]

1. e4 c5 2. Nc3 e6 3. f4 Nc6 4. Nf3 a6 5. g3 Nge7 6. Bg2 g6 7. O-O Bg7 8. d3 O-O 9. Be3 Nd4 10. Ne2 Nxf3+ 11. Bxf3 d6 12. c3 b6 13. Qe1 Bb7 14. Rd1 Qc7 15. Qf2 f5 16. Rfe1 Kh8 17. Qg2 b5 18. d4 fxe4 19. Bxe4 Nd5 20. Bf2 c4 21. h4 Rab8 22. h5 gxh5 23. f5 Rxf5 24. Bxf5 exf5 25. Qh3 Qf7 26. Nf4 Nxf4 27. gxf4 Bh6 28. d5 Rg8+ 29. Kf1 Bxd5 30. Rxd5 Qxd5 31. Bd4+ Bg7 32. Bxg7+ Kxg7 33. Qxh5 Qd3+ 34. Re2 Kh8 0-1

[Event "4th Baskent University Open 2019"]
[Site "Ankara"]
[Date "2019.06.18"]
[Round "2"]
[White "Caputcuoglu, Zeki Berke"]
[Black "Nikcevic, Nebojsa"]
[Result "0-1"]
[ECO "D37"]
[WhiteElo "2097"]
[BlackElo "2420"]
[Annotator "NA"]
[PlyCount "112"]
[EventDate "2019.06.18"]
[EventType "swiss"]
[EventCountry "TUR"]
[SourceTitle "playchess.com"]
[Source "ChessBase"]
[SourceQuality "1"]
[TimeControl "5400+30"]

1. Nf3 Nf6 2. d4 e6 3. c4 a6 4. Nc3 d5 5. cxd5 exd5 6. Bg5 Be6 7. e3 Nbd7 8. Qc2 Bd6 9. Bd3 h6 10. Bh4 O-O 11. O-O Rc8 12. Rfd1 c5 13. dxc5 Nxc5 14. Rac1 Qe7 15. Qb1 Rfd8 16. Bg3 Bxg3 17. hxg3 Ng4 18. Bf5 Nf6 19. Nd4 Ncd7 20. Rd2 Ne5 21. Rcd1 Nc4 22. Re2 Bxf5 23. Nxf5 Qe5 24. Rd4 b5 25. Qd3 g6 26. Nxh6+ Kg7 27. Ng4 Nxg4 28. Rxg4 Nxb2 29. Qd4 Qxd4 30. Rxd4 Rxc3 31. Rxb2 Rc1+ 32. Kh2 Rc4 33. Rbd2 Rxd4 34. Rxd4 Kf6 35. a4 Ke5 36. axb5 axb5 37. Rb4 Rh8+ 38. Kg1 Rb8 39. Kf1 Kd6 40. Ke2 Kc5 41. Rb2 b4 42. Kd3 Rb7 43. Rd2 Ra7 44. Rc2+ Kb5 45. Rc8 Ra2 46. f3 Rxg2 47. g4 Rg3 48. Ke2 Rh3 49. Rf8 Kc4 50. Rxf7 Rh2+ 51. Kd1 Kd3 52. Kc1 Kxe3 53. Rb7 d4 54. Rxb4 Rh1+ 55. Kc2 d3+ 56. Kc3 Rc1+ 0-1

[Event "4th Baskent University Open 2019"]
[Site "Ankara"]
[Date "2019.06.18"]
[Round "2"]
[White "Javadov, Ramil"]
[Black "Mammadov, Zaur"]
[Result "0-1"]
[ECO "D23"]
[WhiteElo "2063"]
[BlackElo "2428"]
[Annotator "NA"]
[PlyCount "56"]
[EventDate "2019.06.18"]
[EventType "swiss"]
[EventCountry "TUR"]
[SourceTitle "playchess.com"]
[Source "ChessBase"]
[SourceQuality "1"]
[TimeControl "5400+30"]

1. d4 d5 2. c4 dxc4 3. Nf3 Nf6 4. g3 c5 5. Nc3 e6 6. e4 cxd4 7. Nxd4 a6 8. Bxc4 b5 9. Bb3 Bb7 10. f3 Bc5 11. Be3 Qb6 12. a4 Nc6 13. Nxc6 Bxe3 14. axb5 Bxc6 15. bxc6 O-O 16. Qe2 Bd4 17. Ba4 Rfb8 18. Nd1 Qa5+ 19. Kf1 Rb4 20. Qc2 Rab8 21. Ra2 Bb6 22. h4 Rd4 23. Nc3 Rbd8 24. Rh2 Nh5 25. Ne2 Rd1+ 26. Kg2 R8d2 27. Qc4 Rxe2+ 28. Qxe2 Rg1+ 0-1

[Event "4th Baskent University Open 2019"]
[Site "Ankara"]
[Date "2019.06.18"]
[Round "2"]
[White "Gulsoy, Mustafa Alpago"]
[Black "Can, Isik"]
[Result "1/2-1/2"]
[ECO "B22"]
[WhiteElo "2055"]
[BlackElo "2379"]
[Annotator "NA"]
[PlyCount "91"]
[EventDate "2019.06.18"]
[EventType "swiss"]
[EventCountry "TUR"]
[SourceTitle "playchess.com"]
[Source "ChessBase"]
[SourceQuality "1"]
[TimeControl "5400+30"]

1. e4 c5 2. c3 Nf6 3. e5 Nd5 4. d4 cxd4 5. Nf3 e6 6. cxd4 d6 7. Bc4 Be7 8. O-O O-O 9. Bd2 dxe5 10. dxe5 b6 11. Qe2 Bb7 12. Nc3 Nxc3 13. Bxc3 Nd7 14. Rac1 Rc8 15. Bd3 Nc5 16. Bc4 Rc7 17. b4 Ne4 18. Bb2 Bxb4 19. Rfd1 Qc8 20. Bd3 Nc3 21. Bxc3 Bxf3 22. Qxf3 Bxc3 23. Rb1 Rc5 24. Qe4 g6 25. f4 Rd8 26. g3 Rcd5 27. Be2 Bd2 28. Kg2 Rd4 29. Qf3 Qc2 30. a3 Re4 31. Kh3 Re3 32. Qxe3 Bxe3 33. Rxd8+ Kg7 34. Bd3 Qc6 35. Rd6 Qa4 36. Bb5 Qxa3 37. Be8 Kf8 38. Rbd1 Bc5 39. Rd8 Kg7 40. R1d7 Be7 41. Rb8 Kf8 42. Rc7 Kg7 43. Bc6 Qd3 44. Rxe7 Qf5+ 45. Kg2 Qc2+ 46. Kh3 1/2-1/2

[Event "4th Baskent University Open 2019"]
[Site "Ankara"]
[Date "2019.06.18"]
[Round "2"]
[White "Makaraci, Tunahan"]
[Black "Simantsev, Mikhail"]
[Result "0-1"]
[ECO "B22"]
[WhiteElo "1963"]
[BlackElo "2371"]
[Annotator "NA"]
[PlyCount "108"]
[EventDate "2019.06.18"]
[EventType "swiss"]
[EventCountry "TUR"]
[SourceTitle "playchess.com"]
[Source "ChessBase"]
[SourceQuality "1"]
[TimeControl "5400+30"]

1. e4 c5 2. Nf3 e6 3. c3 Nf6 4. e5 Nd5 5. d4 cxd4 6. cxd4 d6 7. Bc4 Nc6 8. O-O Be7 9. Qe2 O-O 10. Rd1 Na5 11. b3 b6 12. exd6 Qxd6 13. Ba3 Nb4 14. Nc3 Bb7 15. d5 Nxc4 16. bxc4 exd5 17. Nxd5 Bxd5 18. cxd5 Rfe8 19. Rab1 a5 20. Qe4 Bf8 21. Qc4 Rac8 22. Qb5 Red8 23. Qe2 Qf4 24. Bxb4 Bxb4 25. a3 Bc5 26. Qd3 Rd6 27. g3 Qf6 28. Qb3 Rcd8 29. Rd3 h6 30. Kg2 Re8 31. Rbd1 Re4 32. Qc2 Re8 33. Qc4 Re2 34. R1d2 Rxd2 35. Rxd2 Bxa3 36. Re2 Bc5 37. Ne5 h5 38. Nc6 g6 39. Nxa5 Qf5 40. Rd2 Rf6 41. f4 h4 42. Nb3 h3+ 43. Kf3 Bd6 44. Qc2 Qh5+ 45. Ke3 g5 46. Qc8+ Kg7 47. f5 Qg4 48. Rf2 Bxg3 49. hxg3 Qxg3+ 50. Rf3 Qg1+ 51. Ke2 h2 52. Nd4 h1=Q 53. Ne6+ Rxe6+ 54. fxe6 Qd1+ 0-1

[Event "4th Baskent University Open 2019"]
[Site "Ankara"]
[Date "2019.06.18"]
[Round "2"]
[White "Sakalli, Mustafa"]
[Black "Koksal, Ege"]
[Result "1/2-1/2"]
[ECO "E01"]
[WhiteElo "1916"]
[BlackElo "2363"]
[Annotator "NA"]
[PlyCount "127"]
[EventDate "2019.06.18"]
[EventType "swiss"]
[EventCountry "TUR"]
[SourceTitle "playchess.com"]
[Source "ChessBase"]
[SourceQuality "1"]
[TimeControl "5400+30"]

1. c4 Nf6 2. Nc3 e6 3. g3 d5 4. d4 c6 5. Bg2 dxc4 6. Nf3 Nbd7 7. a4 Bb4 8. O-O a5 9. Qc2 Nb6 10. Rd1 O-O 11. Ne5 Qe7 12. Ne4 Nfd5 13. Ng5 Nf6 14. Ne4 h6 15. Nxc4 Nxc4 16. Qxc4 Nd5 17. Nc5 Nb6 18. Qc2 e5 19. Nd3 exd4 20. Nxb4 Qxb4 21. b3 Re8 22. Ba3 Qc3 23. Qxc3 dxc3 24. Bc5 Nd5 25. Bxd5 cxd5 26. Rac1 Rxe2 27. Rxc3 Be6 28. Kf1 Rb2 29. Bd4 Bh3+ 30. Kg1 Re8 31. Be3 Re4 32. Rcd3 Be6 33. Bd4 Rc2 34. Re3 Rxe3 35. fxe3 Bf5 36. Bb6 Be4 37. Bxa5 Rg2+ 38. Kf1 Rxh2 39. Rd4 Rh3 40. Be1 Rh1+ 41. Ke2 Kh7 42. a5 Rh2+ 43. Bf2 Rh1 44. Be1 h5 45. b4 Bg2 46. Rf4 Bh3 47. Rxf7 Bg4+ 48. Kd2 Rh2+ 49. Rf2 Rxf2+ 50. Bxf2 Kg6 51. Kd3 Be6 52. Kd4 Kf5 53. b5 Bd7 54. Kc5 Ke5 55. Be1 g5 56. Bc3+ Ke6 57. b6 Bc8 58. Kd4 h4 59. gxh4 gxh4 60. Be1 Kd6 61. Bxh4 Kc6 62. Be1 Bh3 63. Bd2 Bg2 64. Be1 1/2-1/2

[Event "4th Baskent University Open 2019"]
[Site "Ankara"]
[Date "2019.06.18"]
[Round "2"]
[White "Kanli, Alperen"]
[Black "Aladag, Begum"]
[Result "1-0"]
[ECO "B46"]
[WhiteElo "1790"]
[BlackElo "1458"]
[Annotator "NA"]
[PlyCount "79"]
[EventDate "2019.06.18"]
[EventType "swiss"]
[EventCountry "TUR"]
[SourceTitle "playchess.com"]
[Source "ChessBase"]
[SourceQuality "1"]
[TimeControl "5400+30"]

1. e4 c5 2. Nf3 e6 3. d4 cxd4 4. Nxd4 a6 5. Nc3 Qc7 6. Bd3 Nc6 7. Nxc6 bxc6 8. Qe2 Bb4 9. Bd2 Nf6 10. O-O Bd6 11. f4 Bc5+ 12. Kh1 d5 13. Qe1 Bb7 14. Na4 Bb6 15. Bc3 dxe4 16. Be5 Qd8 17. Bxf6 gxf6 18. Bxe4 Ba7 19. Qc3 Rc8 20. Nc5 Bxc5 21. Qxc5 Qe7 22. Qc3 h5 23. Rf3 Rg8 24. Rd3 c5 25. Bxb7 Qxb7 26. Rd2 Ke7 27. Rad1 Rc7 28. Qd3 Kf8 29. Qh3 Ke7 30. Qd3 Kf8 31. Qh7 Rd7 32. Qxh5 Ke8 33. Qe2 Rd4 34. Rxd4 cxd4 35. Rxd4 Qxb2 36. Qd1 Qb6 37. c4 Rg6 38. c5 Qc6 39. Rd8+ Ke7 40. Qd6+ 1-0

[Event "4th Baskent University Open 2019"]
[Site "Ankara"]
[Date "2019.06.18"]
[Round "2"]
[White "Subasi, Fidel"]
[Black "Yenice, Yusuf Erkan"]
[Result "0-1"]
[ECO "D00"]
[WhiteElo "1712"]
[BlackElo "1497"]
[Annotator "NA"]
[PlyCount "78"]
[EventDate "2019.06.18"]
[EventType "swiss"]
[EventCountry "TUR"]
[SourceTitle "playchess.com"]
[Source "ChessBase"]
[SourceQuality "1"]
[TimeControl "5400+30"]

1. d4 d5 2. Nc3 Nf6 3. Bf4 Bf5 4. f3 h6 5. e3 c6 6. Bd3 Bxd3 7. Qxd3 e6 8. O-O-O Qa5 9. e4 Na6 10. a3 b5 11. Nb1 b4 12. Bd2 Qb6 13. a4 c5 14. Nh3 cxd4 15. exd5 Nxd5 16. Nf4 Nxf4 17. Bxf4 Bc5 18. Nd2 O-O 19. h4 Bd6 20. Bxd6 Qxd6 21. Ne4 Qc6 22. b3 Rac8 23. g4 Nc5 24. Nxc5 Qxc5 25. Rh2 e5 26. Re2 Rc6 27. Rde1 Rfc8 28. Kb1 Qc3 29. Qe4 Rf6 30. Qxe5 Rxf3 31. Rd1 Re3 32. Qh2 Rh3 33. Qf2 d3 34. Red2 dxc2+ 35. Rxc2 Qxb3+ 36. Kc1 Rxc2+ 37. Qxc2 Qa3+ 38. Qb2 Rc3+ 39. Kb1 Rb3 0-1

[Event "4th Baskent University Open 2019"]
[Site "Ankara"]
[Date "2019.06.18"]
[Round "2"]
[White "Taban, Yagiz"]
[Black "Kaynak, Deniz Can"]
[Result "1-0"]
[ECO "C47"]
[WhiteElo "1654"]
[BlackElo "1467"]
[Annotator "NA"]
[PlyCount "113"]
[EventDate "2019.06.18"]
[EventType "swiss"]
[EventCountry "TUR"]
[SourceTitle "playchess.com"]
[Source "ChessBase"]
[SourceQuality "1"]
[TimeControl "5400+30"]

1. Nc3 Nf6 2. e4 e5 3. d3 Bc5 4. Be2 Nc6 5. Nf3 d6 6. O-O O-O 7. Bg5 h6 8. Be3 Bb6 9. Qd2 Ng4 10. Bxb6 axb6 11. Nd5 Ne7 12. Ne3 Ng6 13. g3 Be6 14. c4 Qd7 15. Ne1 Nxe3 16. fxe3 f5 17. exf5 Bxf5 18. Ng2 Bh3 19. Bf3 Rae8 20. Bh5 Qe6 21. b4 Rf5 22. Rxf5 Qxf5 23. Bxg6 Qxg6 24. Rf1 Bxg2 25. Kxg2 Ra8 26. e4 Qe6 27. Qb2 b5 28. Qb3 bxc4 29. dxc4 b5 30. Rc1 bxc4 31. Rxc4 Kf8 32. Kg1 Ra7 33. Qc2 Qf7 34. Kg2 Ke8 35. a4 Qd7 36. b5 Kd8 37. Qf2 Qe6 38. Qf8+ Kd7 39. Qxg7+ Kc8 40. Qf8+ Kb7 41. Qf1 Kb6 42. Qf2+ Kb7 43. Rxc7+ Kxc7 44. Qxa7+ Kd8 45. Qb8+ Ke7 46. Qb7+ Ke8 47. Qd5 Qg4 48. Qd3 Qe6 49. Qc2 Kd8 50. b6 Qd7 51. Qc7+ Qxc7 52. bxc7+ Kxc7 53. g4 Kb6 54. h4 Kc6 55. g5 hxg5 56. hxg5 Kd7 57. a5 1-0

[Event "4th Baskent University Open 2019"]
[Site "Ankara"]
[Date "2019.06.18"]
[Round "2"]
[White "Aslan, Ali Efe"]
[Black "Yildirim, Ibrahim Halil"]
[Result "0-1"]
[ECO "B11"]
[WhiteElo "1492"]
[BlackElo "1787"]
[Annotator "NA"]
[PlyCount "88"]
[EventDate "2019.06.18"]
[EventType "swiss"]
[EventCountry "TUR"]
[SourceTitle "playchess.com"]
[Source "ChessBase"]
[SourceQuality "1"]
[TimeControl "5400+30"]

1. e4 c6 2. Nc3 d5 3. Nf3 Nf6 4. e5 Ne4 5. d4 Bf5 6. Bd3 e6 7. O-O c5 8. dxc5 Nxc3 9. bxc3 Bxd3 10. Qxd3 Nd7 11. Be3 Qc7 12. Rfb1 Bxc5 13. Bxc5 Nxc5 14. Qb5+ Qc6 15. Qxc6+ bxc6 16. Nd4 Kd7 17. Rb4 Rhb8 18. Rab1 Rxb4 19. cxb4 Rb8 20. a3 Ne4 21. Nb3 Nc3 22. Re1 Na4 23. Re3 Ke7 24. Rh3 h6 25. Rg3 g6 26. f4 Rc8 27. Rh3 h5 28. Kf1 Kd7 29. Nc5+ Nxc5 30. bxc5 Rb8 31. Rb3 Rb5 32. Rc3 Kc7 33. Ke2 Kb7 34. Kd3 Ka6 35. Kd4 Ka5 36. Rf3 Ka4 37. Rf1 Rb2 38. f5 exf5 39. c4 dxc4 40. Kxc4 Re2 41. Rb1 Re4+ 42. Kc3 Rxe5 43. Rb4+ Kxa3 44. Rb7 Rxc5+ 0-1

[Event "4th Baskent University Open 2019"]
[Site "Ankara"]
[Date "2019.06.18"]
[Round "2"]
[White "Akin, Duru"]
[Black "Kaya, Onur"]
[Result "1-0"]
[ECO "C12"]
[WhiteElo "1480"]
[BlackElo "1681"]
[Annotator "NA"]
[PlyCount "121"]
[EventDate "2019.06.18"]
[EventType "swiss"]
[EventCountry "TUR"]
[SourceTitle "playchess.com"]
[Source "ChessBase"]
[SourceQuality "1"]
[TimeControl "5400+30"]

1. e4 e6 2. d4 d5 3. Nc3 Nf6 4. Bg5 Bb4 5. e5 h6 6. Bd2 Bxc3 7. bxc3 Ne4 8. Qg4 Kf8 9. h4 Nxd2 10. Kxd2 c5 11. Rh3 cxd4 12. cxd4 Qa5+ 13. c3 Nc6 14. Bd3 Ne7 15. Rg3 Rg8 16. Qf4 Qc7 17. Bh7 Nf5 18. Bxf5 exf5 19. h5 Qa5 20. e6 Bxe6 21. Qd6+ Ke8 22. Re3 Qd8 23. Rxe6+ fxe6 24. Qxe6+ Kf8 25. Nf3 Qf6 26. Qxd5 Rd8 27. Qc5+ Rd6 28. Ne5 Ke8 29. Re1 Kd8 30. Nf7+ Kd7 31. Nxd6 Qxd6 32. Qxf5+ Kd8 33. Re6 Qd7 34. d5 Re8 35. Rxe8+ Qxe8 36. Qg6 Qe5 37. g3 Kc7 38. Qf7+ Kd6 39. Qe6+ Qxe6 40. dxe6 Kxe6 41. g4 Kf6 42. f4 Ke6 43. c4 b6 44. Kd3 Kd7 45. Ke4 Ke6 46. g5 Ke7 47. gxh6 gxh6 48. Ke5 a6 49. f5 Kf7 50. f6 Kf8 51. Ke6 a5 52. a4 Ke8 53. Ke5 Kf7 54. Kf5 Kf8 55. Kg6 Kg8 56. Kxh6 Kf7 57. Kg5 b5 58. cxb5 Kg8 59. b6 Kh8 60. b7 Kh7 61. f7 1-0

[Event "4th Baskent University Open 2019"]
[Site "Ankara"]
[Date "2019.06.18"]
[Round "2"]
[White "Erturan, Ahmethan Tahsin"]
[Black "Uysal, Ugur"]
[Result "1/2-1/2"]
[ECO "B41"]
[WhiteElo "1422"]
[BlackElo "1644"]
[Annotator "NA"]
[PlyCount "97"]
[EventDate "2019.06.18"]
[EventType "swiss"]
[EventCountry "TUR"]
[SourceTitle "playchess.com"]
[Source "ChessBase"]
[SourceQuality "1"]
[TimeControl "5400+30"]

1. e4 c5 2. Ne2 e6 3. c4 a6 4. Nbc3 Qc7 5. d4 cxd4 6. Nxd4 Nf6 7. Be2 Be7 8. Be3 O-O 9. O-O d6 10. a4 b6 11. Rc1 Bb7 12. f3 Nbd7 13. Ra1 Ne5 14. Qb3 Rac8 15. Rfc1 Nfd7 16. f4 Nc6 17. f5 Nxd4 18. Bxd4 e5 19. Be3 Nc5 20. Qc2 a5 21. Nd5 Bxd5 22. exd5 Qd8 23. Rf1 Bg5 24. Bxg5 Qxg5 25. Rf3 f6 26. Raa3 Qg4 27. h3 Qd4+ 28. Kh2 e4 29. Rf4 Rfe8 30. Rg3 Qe5 31. Rfg4 Rc7 32. h4 Qxf5 33. b3 Qe5 34. Kh1 e3 35. Kg1 Kh8 36. h5 f5 37. Rg5 Ne4 38. Rxe3 Qd4 39. Qd3 Qa1+ 40. Bf1 Qf6 41. Rgg3 Rce7 42. Rgf3 f4 43. Re2 Ng5 44. Rff2 f3 45. Rxe7 Rxe7 46. gxf3 Qf4 47. Bg2 Re3 48. Qd2 h6 49. Re2 1/2-1/2

[Event "4th Baskent University Open 2019"]
[Site "Ankara"]
[Date "2019.06.18"]
[Round "2"]
[White "Nural, Polen"]
[Black "Gocer, Onur Saygin"]
[Result "0-1"]
[ECO "D02"]
[WhiteElo "1319"]
[BlackElo "1595"]
[Annotator "NA"]
[PlyCount "114"]
[EventDate "2019.06.18"]
[EventType "swiss"]
[EventCountry "TUR"]
[SourceTitle "playchess.com"]
[Source "ChessBase"]
[SourceQuality "1"]
[TimeControl "5400+30"]

1. d4 Nf6 2. Nf3 e6 3. Bf4 d5 4. e3 c5 5. c3 Bd6 6. Ne5 O-O 7. Nd2 Qc7 8. Bd3 Nbd7 9. Ndf3 Ne4 10. Nxd7 Bxd7 11. Ne5 cxd4 12. Nxd7 Qxd7 13. Bxd6 Nxd6 14. exd4 Rfc8 15. O-O b5 16. Qe2 Rab8 17. Rac1 Rc6 18. Rc2 Qc7 19. Rfc1 Qa5 20. b3 Rbc8 21. c4 bxc4 22. bxc4 dxc4 23. Bxc4 Nf5 24. Qe4 Qb4 25. Bf1 Rxc2 26. Rxc2 Rd8 27. Rc4 Qb6 28. Qc6 Nxd4 29. Qxb6 axb6 30. Rb4 Rd6 31. f4 Kf8 32. Kf2 Ke7 33. a4 Nc2 34. Rc4 Nd4 35. g4 Nb3 36. Be2 Rd4 37. Rc7+ Kf6 38. Ke3 Rxa4 39. g5+ Kg6 40. h4 h5 41. Bd3+ f5 42. Rc6 Nc5 43. Bc2 Rc4 44. Bb1 b5 45. Rb6 b4 46. Ba2 b3 47. Bxb3 Rc3+ 48. Kd4 Rxb3 49. Kxc5 Rxb6 50. Kxb6 e5 51. fxe5 Kf7 52. Kc5 Ke6 53. Kd4 g6 54. Kd3 Kxe5 55. Ke3 f4+ 56. Kf3 Kf5 57. Kf2 Kg4 0-1

[Event "4th Baskent University Open 2019"]
[Site "Ankara"]
[Date "2019.06.18"]
[Round "2"]
[White "Ozkale, Burak"]
[Black "Sahin, Arda"]
[Result "0-1"]
[ECO "E14"]
[WhiteElo "1270"]
[BlackElo "1710"]
[Annotator "NA"]
[PlyCount "114"]
[EventDate "2019.06.18"]
[EventType "swiss"]
[EventCountry "TUR"]
[SourceTitle "playchess.com"]
[Source "ChessBase"]
[SourceQuality "1"]
[TimeControl "5400+30"]

1. d4 d5 2. c4 e6 3. Nf3 a6 4. cxd5 exd5 5. e3 Nf6 6. Bd3 Bd6 7. Nc3 O-O 8. O-O b6 9. Qc2 Bb7 10. Nh4 Re8 11. Nf5 Bf8 12. b3 g6 13. Ng3 Nbd7 14. Bb2 Bg7 15. Rac1 c5 16. Nce2 Rc8 17. Qb1 Ne4 18. Bxe4 dxe4 19. Rfd1 Qg5 20. Nf4 cxd4 21. Bxd4 Bxd4 22. Rxd4 Nf6 23. Rxc8 Rxc8 24. h3 Kg7 25. b4 h5 26. Rd6 Rc6 27. Rxc6 Bxc6 28. Qc2 Qb5 29. Nge2 Bd5 30. Qb2 Bc4 31. Nc3 Qe5 32. Qd2 h4 33. Qd4 Qxd4 34. exd4 g5 35. Nfe2 Bxe2 36. Nxe2 Nd5 37. a3 Kf6 38. Kf1 Ke6 39. Ke1 b5 40. Kd2 f5 41. g3 g4 42. Ng1 e3+ 43. fxe3 hxg3 44. Kd3 Nf6 45. Ke2 Kd5 46. Kd3 Ne4 47. h4 Nf2+ 48. Ke2 Nh3 49. Nxh3 gxh3 50. Kf3 h2 51. Kg2 Ke4 52. d5 Kxe3 53. d6 h1=Q+ 54. Kxh1 Kf2 55. d7 g2+ 56. Kh2 g1=Q+ 57. Kh3 Qg3# 0-1

[Event "4th Baskent University Open 2019"]
[Site "Ankara"]
[Date "2019.06.18"]
[Round "3"]
[White "Bernadskiy, Vitaliy"]
[Black "Saraci, Nderim"]
[Result "1/2-1/2"]
[ECO "D03"]
[WhiteElo "2578"]
[BlackElo "2377"]
[Annotator "ChessBase"]
[PlyCount "63"]
[EventDate "2019.06.18"]
[EventType "swiss"]
[EventCountry "TUR"]
[SourceTitle "playchess.com"]
[Source "ChessBase"]
[SourceQuality "1"]
[TimeControl "5400+30"]

1. d4 Nf6 2. Bg5 d5 3. Nd2 e6 4. e3 c5 5. c3 Nc6 6. Ngf3 h6 7. Bh4 Bd6 8. Bd3 O-O 9. Qe2 e5 10. dxc5 Bxc5 11. e4 d4 12. O-O Bg4 13. Nb3 Be7 14. h3 Bxf3 15. Qxf3 dxc3 16. bxc3 Nh5 17. Bb5 Bxh4 18. Bxc6 bxc6 19. Qxh5 Bg5 20. Rfd1 Qe7 21. Qe2 Qa3 22. Rd7 Bd8 23. Qc4 Bb6 24. Qb4 Qxb4 25. cxb4 a5 26. Rb7 Bd4 27. Rc1 axb4 28. Nxd4 exd4 29. Rxb4 Rxa2 30. Rxd4 Rb8 31. e5 Re2 32. Rf4 1/2-1/2